 Dungeon Crawl Stone Soup version 0.28.0-53-g5a82cb258f (webtiles) character file.

Game seed: 13258697549810554799

3273 Zeld the Thaumaturge (level 9, 0/45 HPs)
             Began as a Deep Elf Conjurer on May 25, 2022.
             Was an Initiate of Gozag.
             Slain by a killer bee zombie (3 damage)
             ... on level 8 of the Dungeon.
             The game lasted 00:09:19 (11628 turns).

Zeld the Thaumaturge (Deep Elf Conjurer)           Turns: 11628, Time: 00:09:19

Health: 0/45       AC:  5    Str:  4    XL:     9   Next: 68%
Magic:  4/27       EV: 12    Int: 28    God:    Gozag
Gold:   341        SH:  5    Dex: 13    Spells: 19/33 levels left

rFire   . . .      SeeInvis .   (no weapon)
rCold   . . .      Faith    .   (no shield)
rNeg    . . .      Spirit   .   a - +0 robe
rPois   .          Reflect  +   l - +0 helmet
rElec   .          Harm     .   (no cloak)
rCorr   .          Rampage  .   f - +0 pair of gloves
Will    .....                   q - +0 pair of boots
Stlth   ++........              n - amulet of reflection
HPRegen 0.15/turn               (no ring)
MPRegen 0.20/turn               (no ring)

@: no status effects
A: no striking features
a: Renounce Religion, Potion Petition, Call Merchant, Bribe Branch


You were on level 8 of the Dungeon.
You worshipped Gozag.
Gozag was aware of your devotion.
You visited 2 branches of the dungeon, and saw 9 of its levels.

You collected 688 gold pieces.
You spent 208 gold pieces at shops.
You paid 139 gold pieces to Gozag.

Inventory:

Armour
 a - a +0 robe (worn)
 f - a +0 pair of gloves (worn)
 l - a +0 helmet (worn)
 q - a +0 pair of boots (worn)
Jewellery
 n - an amulet of reflection (around neck)
Wands
 m - a wand of digging (11)
 p - a wand of iceblast (2)
 z - a wand of flame (9)
Scrolls
 b - 4 scrolls of teleportation {unknown}
 c - 6 scrolls of identify
 k - 4 scrolls of immolation {unknown}
 r - 2 scrolls of silence {unknown}
 t - 2 scrolls of brand weapon {unknown}
 u - a scroll of enchant armour {unknown}
 w - a scroll of fog {unknown}
 x - a scroll of torment {unknown}
Potions
 d - 5 potions of heal wounds {unknown}
 e - a potion of degeneration {unknown}
 g - 2 potions of lignification {unknown}
 h - a potion of curing {unknown}
 i - 2 potions of attraction {unknown}
 j - a potion of invisibility
 o - 2 potions of haste {unknown}
 s - a potion of mutation {unknown}
 v - a potion of flight {unknown}
 A - 2 potions of might


   Skills:
 - Level 2.4 Dodging
 - Level 2.4 Stealth
 + Level 12.6 Spellcasting
 + Level 11.3 Conjurations
 - Level 2.0 Hexes
 - Level 2.0 Translocations


You had 19 spell levels left.
You knew the following spells:

 Your Spells              Type           Power      Damage    Failure   Level
a - Magic Dart            Conj           100%       1d8       1%          1
b - Searing Ray           Conj           100%       2d8       1%          2
c - Fulminant Prism       Conj/Hex       26%        3d14      1%          4
d - Iskenderun's Mystic   Conj/Tloc      53%        2d11      1%          4
e - Tukima's Dance        Hex            28%        N/A       4%          3

Your spell library contained the following spells:

 Spells                   Type           Power      Damage    Failure   Level
 Dazzling Flash           Conj/Hex       100%       N/A       1%          3
 Sting                    Tmut/Pois      68%        1d6       3%          1
 Flame Wave               Conj/Fire      49%        2d10      3%          4
 Poisonous Vapours        Pois/Air       34%        N/A       4%          2
 Scorch                   Fire           34%        2d6       4%          2
 Passage of Golubria      Tloc           28%        N/A       14%         4
 Olgreb's Toxic Radiance  Pois           17%        N/A       30%         4
 Yara's Violent Unravell  Hex/Tmut       11%        3d6       50%         5
 Summon Cactus Giant      Summ           8%         N/A       99%         6


Dungeon Overview and Level Annotations

Branches:
Dungeon (8/15)             Temple (1/1) D:6
   Lair: D:8-11

Altars:
Ashenzari
Cheibriados
Dithmenos
Elyvilon
Fedhas
Gozag
Hepliaklqana
Kikubaaqudgha
Makhleb
Nemelex Xobeh
Okawaru
Qazlal
Ru
Trog
Uskayaw
Wu Jian
Xom
Yredelemnul
Zin
The Shining One

Shops:
D:8 *

Annotations:
D:3 2 transporters, Zeld's ghost, amateur MiBe


Message History

The ball of steam hits you!!
You hear a loud, deep croak!
Casting: Iskenderun's Mystic Blast (dangerous; 1% risk of failure)
Confirm with . or Enter, or press ? or * to list all spells.
You erupt in a blast of force!
The mystic blast hits the steam dragon!
The steam dragon is moderately wounded.
The steam dragon is knocked back by the mystic blast.
The steam dragon slams into the rock wall!
The steam dragon is moderately wounded.
You block the steam dragon's attack. The steam dragon claws you.
Casting: Iskenderun's Mystic Blast (dangerous; 1% risk of failure)
Confirm with . or Enter, or press ? or * to list all spells.
You erupt in a blast of force!
The mystic blast hits the steam dragon!
The steam dragon is severely wounded.
The steam dragon is knocked back by the mystic blast.
Unknown command.
Found a chain mail.
The bullfrog barely misses you. The bullfrog hits you!
* * * LOW HITPOINT WARNING * * *
A killer bee zombie comes into view.
You block the bullfrog's attack. The bullfrog closely misses you.
You hear the faint creaking of a portcullis very nearby.
You block the killer bee zombie's attack.
The bullfrog misses you.
As you read the scroll of fear, it crumbles to dust.
You assume a fearsome visage.
The steam dragon looks frightened!
The bullfrog looks frightened!
The killer bee zombie is unaffected.
You block the killer bee zombie's attack.
The killer bee zombie hits you.
* * * LOW HITPOINT WARNING * * *
The killer bee zombie hits you but does no damage.
The killer bee zombie hits you.
* * * LOW HITPOINT WARNING * * *
The killer bee zombie hits you.
* * * LOW HITPOINT WARNING * * *
The killer bee zombie closely misses you.
You block the killer bee zombie's attack.
The killer bee zombie hits you.
You die...
Your body crumbles into a pile of gold.

#.....### #### #...##.#
##..# ####### ###.##..###
#.... #.....#
#......∩.∩###...# #.....##
#........$..$$$.. #......#
#......∩.∩..$.... $
#......# #..........$.....
#......###..#.##.###.#.F.#
######..Z@..#.##.# #.#....
#####..#.##.# #.#(..# $
...F.##.# #.#...#
##.......# #.#...#
###.D#### ..# ..[ ###


You could see a steam dragon (fleeing), a bullfrog (fleeing) and a killer bee
zombie.

Vanquished Creatures
  A two-headed ogre (D:6)
  Sigmund (D:4)
  Eustachio (D:4)
  Menkaure (D:7)
  3 water moccasins
  A hornet zombie (D:7)
  2 orc warriors
  2 sky beasts
  2 ogres (D:6)
  2 centaurs
  2 phantoms
  2 bullfrogs (D:7)
  A water moccasin zombie (D:5)
  A howler monkey (D:6)
  2 centaur zombies
  A jelly (D:5)
  2 hounds
  2 orc priests (D:7)
  A centaur skeleton (D:7)
  Ijyb (D:3)
  Jessica (D:3)
  3 iguanas
  6 orc wizards
  A hound skeleton (D:4)
  Robin (D:3)
  A howler monkey zombie (D:8)
  3 gnolls (D:7)
  5 adders
  A howler monkey skeleton (D:7)
  An ufetubus (D:5)
  An adder skeleton (D:2)
  2 worms (D:3)
  2 dart slugs
  24 orcs
  8 bats
  12 endoplasms
  2 giant cockroaches (D:2)
  12 hobgoblins
  10 jackals
  5 quokkas
  7 ball pythons
  4 frilled lizards
  11 goblins
  9 kobolds
  7 rats
170 creatures vanquished.

Vanquished Creatures (others)
  2 dancing weapons (D:6)
2 creatures vanquished.

Grand Total: 172 creatures vanquished

Notes
Turn   | Place    | Note
-------+----------+-------------------------------------------
     0 | D:1      | Zeld the Deep Elf Conjurer began the quest for the Orb.
     0 | D:1      | Reached XP level 1. HP: 10/10 MP: 6/6
   238 | D:1      | Reached skill level 1 in Hexes
   246 | D:1      | Reached XP level 2. HP: 9/15 MP: 0/8
   382 | D:1      | Reached skill level 1 in Translocations
   520 | D:1      | Learned a level 2 spell: Searing Ray
  1562 | D:1      | Reached XP level 3. HP: 19/19 MP: 6/9
  2551 | D:2      | Reached XP level 4. HP: 19/24 MP: 7/11
  2934 | D:3      | Noticed Jessica
  2936 | D:3      | Killed Jessica
  2937 | D:3      | Reached skill level 4 in Spellcasting
  2937 | D:3      | Reached skill level 5 in Conjurations
  2942 | D:3      | Learned a level 4 spell: Fulminant Prism
  2947 | D:3      | Learned a level 4 spell: Iskenderun's Mystic Blast
  3146 | D:3      | Noticed Robin
  3156 | D:3      | Killed Robin
  3159 | D:3      | Reached XP level 5. HP: 5/28 MP: 0/14
  3600 | D:3      | Found a transporter.
  3600 | D:3      | Noticed Zeld's ghost (amateur MiBe)
  3604 | D:3      | Found a transporter.
  3705 | D:3      | Noticed Ijyb
  3727 | D:3      | Killed Ijyb
  3728 | D:3      | Reached skill level 5 in Spellcasting
  4886 | D:4      | Noticed Eustachio
  5139 | D:4      | Killed Eustachio
  5140 | D:4      | Reached skill level 6 in Spellcasting
  5140 | D:4      | Reached XP level 6. HP: 31/32 MP: 6/17
  5346 | D:4      | Noticed Sigmund
  5777 | D:4      | Killed Sigmund
  5778 | D:4      | Reached skill level 7 in Spellcasting
  5778 | D:4      | Reached XP level 7. HP: 28/36 MP: 12/19
  6420 | D:5      | Entered Level 5 of the Dungeon
  6735 | D:5      | Reached skill level 8 in Spellcasting
  6912 | D:5      | Learned a level 3 spell: Tukima's Dance
  7199 | D:5      | Reached XP level 8. HP: 41/41 MP: 15/22
  7205 | D:5      | Reached skill level 9 in Spellcasting
  7776 | D:6      | Noticed a two-headed ogre
  7922 | D:6      | Found a staircase to the Ecumenical Temple.
  7951 | Temple   | Entered the Ecumenical Temple
  7995 | Temple   | Became a worshipper of Gozag Ym Sagoz the Greedy
  8220 | D:6      | Killed a two-headed ogre
  8221 | D:6      | Reached skill level 10 in Spellcasting
  8715 | D:6      | Reached XP level 9. HP: 23/45 MP: 5/25
  8941 | D:6      | Reached skill level 11 in Spellcasting
  8941 | D:6      | Reached skill level 10 in Conjurations
 10202 | D:7      | Reached skill level 12 in Spellcasting
 10926 | D:7      | Noticed Menkaure
 10934 | D:7      | Killed Menkaure
 11592 | D:8      | Found Noum's General Store.
 11604 | D:8      | Bought a scroll of fear for 38 gold pieces
 11604 | D:8      | Bought a scroll of identify for 22 gold pieces
 11604 | D:8      | Bought a wand of flame (9) for 60 gold pieces
 11604 | D:8      | Bought 2 potions of might for 88 gold pieces
 11625 | D:8      | HP: 2/45 [killer bee zombie (5)]
 11628 | D:8      | Slain by a killer bee zombie

Illustrated notes

Levels and vault maps discovered:
D:1:      pf_arrival_petrified_forest, layout_basic, minmay_statues_item,
          minivault_24
D:2:      layout_basic
D:3:      layout_loops_ring, gammafunk_ghost_arena, uniq_robin, uniq_ijyb,
          uniq_jessica
D:4:      layout_gridville, uniq_eustachio, uniq_sigmund
D:5:      layout_layer_cave
D:6:      layout_gridville, minmay_temple_entry_slanted
D:7:      layout_basic, uniq_menkaure
D:8:      cheibrodos_steamvent, layout_loops_cross, led_sif_pool, serial_shops,
          nicolae_shop_competitors_out_of_business, enter_bailey_3
Temple:   regret_index_temple_chain_breaker

Skill      XL: |  1  2  3  4  5  6  7  8  9 |
---------------+----------------------------+-----
Hexes          | 1 2 |  2.0
Translocations | 1 2 |  2.0
Spellcasting   | 4 6 7 8 10 12 | 12.6
Conjurations   | 5 6 8 9 11 | 11.3
Dodging        | |  2.4
Stealth        | |  2.4

Action                   |  1- 3 |  4- 6 |  7- 9 || total
-------------------------+-------+-------+-------++-------
Melee: Unarmed           |    56 |     9 |    12 ||    77
 Cast: Magic Dart        |    53 |    14 |     1 ||    68
       Searing Ray       |    21 |    40 |    31 ||    92
       Tukima's Dance    |       |       |    13 ||    13
       Iskenderun's Myst |       |       |    71 ||    71
  Use: Scroll            |       |       |     1 ||     1
 Stab: Sleeping          |       |     1 |     1 ||     2
Armor: Robe              |    16 |    43 |    17 ||    76
Dodge: Dodged            |    60 |    60 |    47 ||   167
Block: Other             |       |       |    23 ||    23
       Reflection        |       |       |     2 ||     2
